 Dungeon Crawl Stone Soup version 0.29.1-4-g47bece8355 (webtiles) character file.

Game seed: 13854560530940060731

108 Peloso the Trooper (level 4, -1/41 HPs)
             Began as a Minotaur Fighter on Dec 3, 2022.
             Slain by an orc
             ... wielding a +0 whip
              (2 damage)
             ... on level 3 of the Dungeon.
             The game lasted 00:03:15 (2299 turns).

Peloso the Trooper (Minotaur Fighter)               Turns: 2299, Time: 00:03:15

Health: -1/41      AC: 11    Str: 21    XL:     4   Next: 58%
Magic:  3/3        EV:  6    Int:  5    God:
Gold:   143        SH:  4    Dex: 11    Spells: 3/3 levels left

rFire   . . .      SeeInvis .   a - +0 long sword
rCold   . . .      Faith    .   c - +0 buckler
rNeg    . . .      Spirit   .   l - +0 plate armour
rPois   .          Reflect  .   (helmet restricted)
rElec   .          Harm     .   (no cloak)
rCorr   .          Rampage  .   (no gloves)
Will    .....                   (no boots)
Stlth   ..........              (no amulet)
HPRegen 0.13/turn               (no ring)
MPRegen 0.08/turn               (no ring)

@: no status effects
A: horns 2, retaliatory headbutt
a: no special abilities


You were on level 3 of the Dungeon.
You visited 1 branch of the dungeon, and saw 3 of its levels.

You collected 143 gold pieces.

Inventory:

Hand Weapons
 a - a +0 long sword (weapon)
Armour
 b - a +0 scale mail
 c - a +0 buckler (worn)
 l - a +0 plate armour (worn)
Wands
 m - a wand of flame (24)
Scrolls
 f - a scroll of identify {unknown}
 h - a scroll of teleportation {unknown}
 i - a scroll of enchant armour {unknown}
 k - a scroll of noise {unknown}
Potions
 d - a potion of might
 e - 2 potions of curing {unknown}
 g - 3 potions of cancellation {unknown}
 j - a potion of heal wounds {unknown}
 n - a potion of flight {unknown}


   Skills:
 + Level 4.4 Fighting
 + Level 4.1 Long Blades
 + Level 4.3 Armour
 + Level 0.4 Dodging
 + Level 0.1 Stealth
 + Level 4.2 Shields


You had 3 spell levels left.
You didn't know any spells.
Your spell library was empty.

Dungeon Overview and Level Annotations

Branches:
Dungeon (3/15)

Altars:

Shops:
D:1 (


Innate Abilities, Weirdness & Mutations

You have a pair of horns on your head.
You reflexively headbutt those who attack you in melee.


Message History

You slash the orc priest!
You kill the orc priest!
The orc barely misses you.
Your Long Blades skill increases to level 4!
You closely miss the orc. The orc hits you but does no damage.
The orc barely misses you.
You slash the orc!
You kill the orc!
The orc hits you but does no damage. x3
You barely miss the orc. Your headbutt misses the orc.
The orc hits you from afar with a +0 trident.
The orc hits you but does no damage.
You hit the orc. You headbutt the orc, but do no damage.
The orc is lightly wounded.
The orc hits you but does no damage. x2
You barely miss the orc. You headbutt the orc.
The orc is heavily wounded.
The orc barely misses you. The orc hits you with a +0 whip.
You hit the orc.
The orc is severely wounded.
The orc hits you from afar with a +0 trident.
The orc hits you but does no damage. x3
You hit the orc.
The orc is severely wounded.
The orc hits you but does no damage. The orc hits you with a +0 whip.
* * * LOW HITPOINT WARNING * * *
You closely miss the orc. Your headbutt misses the orc.
The orc is severely wounded.
The orc hits you from afar with a +0 trident.
* * * LOW HITPOINT WARNING * * *
You block the orc's attack.
You hit the orc but do no damage.
The orc is severely wounded.
The orc hits you from afar with a +0 trident.
* * * LOW HITPOINT WARNING * * *
The orc hits you but does no damage.
You barely miss the orc.
The orc is severely wounded.
The orc hits you but does no damage. The orc hits you with a +0 whip.
You die...

### #... #.. ...
###.# #...#
########@#
.....).#o#
.......o.# #
.........# #
.........### .#####
...........###
##......
........)#...###...
.###
........)..#...#.#
.. #
(....)..##.......#
#.##


You could see 2 orcs.

Vanquished Creatures
  An orc priest (D:3)
  2 adders
  A dart slug (D:2)
  4 orcs
  5 bats
  6 endoplasms
  A giant cockroach (D:3)
  5 goblins
  5 hobgoblins
  3 jackals (D:1)
  9 kobolds
  A quokka (D:2)
  2 ball pythons
  2 frilled lizards
  5 rats
52 creatures vanquished.

Notes
Turn   | Place    | Note
-------+----------+-------------------------------------------
     0 | D:1      | Peloso the Minotaur Fighter began the quest for the Orb.
     0 | D:1      | Reached XP level 1. HP: 19/19 MP: 0/0
   156 | D:1      | Reached XP level 2. HP: 27/27 MP: 1/1
   495 | D:1      | Found a faded altar of an unknown god.
   575 | D:1      | Reached XP level 3. HP: 33/33 MP: 2/2
   745 | D:1      | Found Neshrist's Antique Weapon Emporium.
   890 | D:2      | Identified the +3 spear "Nurphouse" {drain, rCorr}
  2034 | D:3      | Reached XP level 4. HP: 31/41 MP: 3/3
  2298 | D:3      | HP: 1/41 [orc/+0 trident (6)]
  2299 | D:3      | Slain by an orc

Illustrated notes

Levels and vault maps discovered:
D:1:      amcnicky_arrival_blooded_trapdoor, layout_loops_ring,
          basic_ecumenical_altar, serial_shops, nicolae_shop_window_shopping
D:2:      layout_basic
D:3:      layout_rooms, nicolae_dithmenos_the_darkroom,
          kennysheep_big_empty_room

Skill      XL: |  1  2  3  4 |
---------------+-------------+-----
Fighting       | 4 |  4.4
Shields        | 4 |  4.2
Long Blades    | 3 4 |  4.1
Armour         | 4 |  4.3
Dodging        | |  0.4
Stealth        | |  0.1

Action                   |  1- 3 |  4- 6 || total
-------------------------+-------+-------++-------
Melee: Long sword        |   109 |    29 ||   138
       Headbutt          |     8 |     4 ||    12
Armor: Scale mail        |    49 |       ||    49
       Plate armour      |    21 |    21 ||    42
Dodge: Dodged            |    48 |    10 ||    58
Block: Buckler           |    26 |     7 ||    33
